 Dungeon Crawl Stone Soup version 0.28.0-43-g3370ac3207 (webtiles) character file.

Game seed: 933255519772771942

1159 Ablot the Grasshopper (level 8, 0/64 HPs)
             Began as a Gnoll Warper on Mar 6, 2022.
             Succumbed to Eustachio's poison
             ... on level 4 of the Dungeon.
             The game lasted 00:07:40 (4969 turns).

Ablot the Grasshopper (Gnoll Warper)                Turns: 4969, Time: 00:07:40

Health: 0/64       AC: 13    Str: 18    XL:     8   Next: 39%
Magic:  17/17      EV: 11    Int: 15    God:
Gold:   103        SH:  0    Dex: 13    Spells: 17/19 levels left

rFire   . . .      SeeInvis .   u - +3 quarterstaff (chaos)
rCold   . . .      Faith    .   (shield currently unavailable)
rNeg    + . .      Spirit   .   l - +2 scale mail {Will+}
rPois   .          Reflect  .   s - +0 helmet
rElec   .          Harm     .   v - +2 cloak
rCorr   .          Rampage  .   (no gloves)
Will    +....                   (no boots)
Stlth   +.........              (no amulet)
HPRegen 0.20/turn               r - ring of the Peasants {Fly rN+ Int+3}
MPRegen 0.15/turn               b - +6 ring of strength

@: lethally poisoned (0 -> -10), flying
A: fangs 1, strong nose, distributed training
a: no special abilities


You were on level 4 of the Dungeon.
You visited 1 branch of the dungeon, and saw 4 of its levels.

You collected 103 gold pieces.

Inventory:

Hand Weapons
 a - a +0 spear
 u - a +3 quarterstaff of chaos (weapon)
Missiles
 d - 5 boomerangs of dispersal (quivered)
 g - 87 stones
 j - 18 arrows
 w - a silver boomerang
Armour
 l - a +2 scale mail of willpower (worn)
 o - a +2 ring mail of fire resistance
 s - a +0 helmet (worn)
 v - a +2 cloak (worn)
Jewellery
 b - a +6 ring of strength (right hand)
 n - a ring of wizardry
 r - the ring of the Peasants (left hand) {Fly rN+ Int+3}
   (You found it on level 3 of the Dungeon)

   [ring of flight]

   Int:       It affects your intelligence (+3).
   rN:        It protects you from negative energy.
   Fly:       It grants you flight.
 z - a +4 ring of protection
Scrolls
 c - 2 scrolls of blinking
 e - a scroll of fear {unknown}
 f - 6 scrolls of identify {unknown}
 k - 2 scrolls of fog {unknown}
 m - a scroll of silence {unknown}
 p - a scroll of magic mapping {unknown}
 t - a scroll of noise {unknown}
 x - 3 scrolls of teleportation {unknown}
 y - a scroll of immolation {unknown}
Potions
 h - a potion of magic {unknown}
 i - a potion of mutation {unknown}
 q - 2 potions of lignification {unknown}


   Skills:
 + Level 5.6 Fighting
 + Level 3.2 Short Blades
 + Level 3.2 Long Blades
 + Level 3.2 Axes
 + Level 3.2 Maces & Flails
 + Level 5.6 Polearms
 + Level 3.2 Staves
 + Level 3.2 Slings
 + Level 3.2 Bows
 + Level 3.2 Crossbows
 + Level 4.2 Throwing
 + Level 4.2 Armour
 + Level 5.6 Dodging
 + Level 3.2 Stealth
 + Level 3.2 Shields
 + Level 3.2 Unarmed Combat
 + Level 6.0 Spellcasting
 + Level 2.6 Conjurations
 + Level 2.6 Hexes
 + Level 2.6 Summonings
 + Level 2.6 Necromancy
 + Level 6.1 Translocations
 + Level 2.6 Transmutations
 + Level 2.6 Fire Magic
 + Level 2.6 Ice Magic
 + Level 2.6 Air Magic
 + Level 2.6 Earth Magic
 + Level 2.6 Poison Magic
 + Level 3.5 Invocations
 + Level 3.2 Evocations


You had 17 spell levels left.
You knew the following spells:

 Your Spells              Type           Power      Damage    Failure   Level
a - Blink                 Tloc           44%        N/A       5%          2

Your spell library contained the following spells:

 Spells                   Type           Power      Damage    Failure   Level
 Gell's Gravitas          Tloc           22%        N/A       11%         3
 Lesser Beckoning         Tloc           22%        N/A       11%         3
 Teleport Other           Tloc           22%        N/A       11%         3
 Shock                    Conj/Air       48%        1d6       16%         1
 Passage of Golubria      Tloc           22%        N/A       34%         4
 Swiftness                Air            12%        N/A       41%         3
 Tukima's Dance           Hex            12%        N/A       41%         3
 Manifold Assault         Tloc           22%        N/A       69%         5
 Airstrike                Air            6%         N/A       83%         4
 Yara's Violent Unravell  Hex/Tmut       6%         3d5       99%         5


Dungeon Overview and Level Annotations

Branches:
Dungeon (4/15)
 Temple: D:4-7

Altars:

Shops:
D:1 :

Annotations:
D:4 Eustachio


Innate Abilities, Weirdness & Mutations

You have very sharp teeth.
Your uncanny sense of smell can sniff out nearby items.
Your experience applies equally to all skills.


Message History

You barely miss Eustachio.
Eustachio is heavily wounded.
You feel very sick.
Eustachio casts a spell.
Eustachio blinks!
You are too injured to fight recklessly!
You are too injured to fight recklessly!
You are too injured to fight recklessly!
You feel sick.
You see here a scroll labelled WAYTUA LOEDGH.
k - 2 scrolls labelled WAYTUA LOEDGH (gained 1)
You feel sick.
You feel sick. Eustachio hits you but does no damage.
You are more poisoned.
You hit Eustachio.
Eustachio resists with some effort.
Eustachio is heavily wounded.
You feel very sick. Eustachio hits you but does no damage.
You are more poisoned.
You hit Eustachio but do no damage. You bite Eustachio, but do no damage.
Eustachio is heavily wounded.
* * * LOW HITPOINT WARNING * * *
You feel very sick.
Eustachio casts a spell.
Eustachio closely misses you.
You closely miss Eustachio.
Eustachio is heavily wounded.
* * * LOW HITPOINT WARNING * * *
You feel very sick. Eustachio closely misses you.
You closely miss Eustachio.
Eustachio is heavily wounded.
* * * LOW HITPOINT WARNING * * *
You feel very sick. The bat misses you. The bat closely misses you.
Eustachio hits you with a +4 rapier of venom!
* * * LOW HITPOINT WARNING * * *
You hit Eustachio but do no damage.
Eustachio seems to slow down.
Eustachio is heavily wounded.
You die...

#.# #.# ### ####
#.# #.# ...# #.#
#.# #..### #.# #.#
##....####.# #.#
#...@.b.#..## ##.#
#@......#######...
##................
##...............
#....#####..<...
#......# ###..#.
........# #...##
....##...# ##..###
...# #.... ##..##
.# ##... #.>.#


You could see Eustachio (strong, slow) and a bat (summoned).

Vanquished Creatures
  Pikel (D:3)
  Grinder (D:4)
  Sigmund (D:3)
  A lemure (D:3)
  A phantom (D:4)
  Crazy Yiuf (D:3)
  Natasha (twice) (D:4)
  An orc wizard (D:3)
  Robin (D:2)
  4 adders
  3 gnolls (D:4)
  A howler monkey skeleton (D:3)
  A river rat (D:4)
  2 adder skeletons (D:4)
  A dart slug (D:1)
  5 worms
  9 orcs
  4 endoplasms
  3 giant cockroaches (D:1)
  5 goblins
  9 hobgoblins
  2 jackals (D:1)
  3 quokkas
  9 ball pythons
  2 bats
  5 frilled lizards
  4 kobolds
  6 rats
88 creatures vanquished.

Vanquished Creatures (others)
  A fungus (D:1)
  A plant (D:1)
2 creatures vanquished.

Grand Total: 90 creatures vanquished

Notes
Turn   | Place    | Note
-------+----------+-------------------------------------------
     0 | D:1      | Ablot the Gnoll Warper began the quest for the Orb.
     0 | D:1      | Reached XP level 1. HP: 20/20 MP: 6/6
   357 | D:1      | Reached XP level 2. HP: 19/26 MP: 7/7
   382 | D:1      | Learned a level 2 spell: Blink
   650 | D:1      | Found Alasm's Book Shoppe.
   792 | D:1      | Found a faded altar of an unknown god.
   798 | D:1      | Reached XP level 3. HP: 29/31 MP: 9/9
   970 | D:1      | Reached skill level 5 in Spellcasting
  1101 | D:2      | Reached skill level 1 in Invocations
  1235 | D:2      | Reached skill level 1 in Short Blades
  1235 | D:2      | Reached skill level 1 in Long Blades
  1235 | D:2      | Reached skill level 1 in Axes
  1235 | D:2      | Reached skill level 1 in Maces & Flails
  1235 | D:2      | Reached skill level 1 in Staves
  1235 | D:2      | Reached skill level 1 in Slings
  1235 | D:2      | Reached skill level 1 in Bows
  1235 | D:2      | Reached skill level 1 in Crossbows
  1235 | D:2      | Reached skill level 1 in Stealth
  1235 | D:2      | Reached skill level 1 in Shields
  1235 | D:2      | Reached skill level 1 in Unarmed Combat
  1235 | D:2      | Reached skill level 1 in Evocations
  1432 | D:2      | Reached XP level 4. HP: 13/38 MP: 11/11
  2394 | D:3      | Identified the ring of the Peasants {Fly rN+ Int+3}
  2440 | D:3      | Reached skill level 1 in Conjurations
  2440 | D:3      | Reached skill level 1 in Hexes
  2440 | D:3      | Reached skill level 1 in Summonings
  2440 | D:3      | Reached skill level 1 in Necromancy
  2440 | D:3      | Reached skill level 1 in Transmutations
  2440 | D:3      | Reached skill level 1 in Fire Magic
  2440 | D:3      | Reached skill level 1 in Ice Magic
  2440 | D:3      | Reached skill level 1 in Air Magic
  2440 | D:3      | Reached skill level 1 in Earth Magic
  2440 | D:3      | Reached skill level 1 in Poison Magic
  2457 | D:3      | Noticed Robin
  2483 | D:3      | Noticed Sigmund
  2511 | D:2      | Killed Robin
  2512 | D:2      | Reached XP level 5. HP: 20/43 MP: 12/12
  2796 | D:3      | Killed Sigmund
  2797 | D:3      | Reached XP level 6. HP: 18/50 MP: 14/14
  3130 | D:3      | Reached skill level 5 in Fighting
  3130 | D:3      | Reached skill level 5 in Polearms
  3130 | D:3      | Reached skill level 5 in Dodging
  3563 | D:3      | Found a runed translucent door.
  3564 | D:3      | Noticed Crazy Yiuf
  3574 | D:3      | Killed Crazy Yiuf
  3978 | D:4      | Noticed Pikel
  4106 | D:3      | Killed Pikel
  4107 | D:3      | Reached XP level 7. HP: 24/56 MP: 15/15
  4301 | D:4      | Reached XP level 8. HP: 46/63 MP: 16/16
  4322 | D:4      | Noticed Natasha
  4329 | D:4      | Killed Natasha
  4582 | D:4      | Noticed Natasha
  4590 | D:4      | Killed Natasha
  4809 | D:4      | Noticed Grinder
  4822 | D:4      | Killed Grinder
  4946 | D:4      | Noticed Eustachio
  4968 | D:4      | HP: 2/64 [Eustachio/+4 rapier of venom (9)]
  4969 | D:4      | Succumbed to Eustachio's poison

Illustrated notes

Levels and vault maps discovered:
D:1:      dpeg_arrival_stone_temple_mockup, layout_rooms, serial_shops, shop,
          dreamdust_ecumenical_altar_grove,
          nicolae_concentric_dashed_squares_mild
D:2:      layout_loops_ring, minivault_11
D:3:      layout_basic, nicolae_elevator_lobby_plus, uniq_robin,
          uniq_crazy_yiuf_cottage, uniq_sigmund
D:4:      layout_layer_cave, lemuel_old_faithful, uniq_eustachio,
          uniq_blork_the_orc, uniq_grinder, uniq_pikel, uniq_duvessa,
          uniq_natasha

Skill      XL: |  1  2  3  4  5  6  7  8 |
---------------+-------------------------+-----
Spellcasting   | 5 6 |  6.0
Invocations    | 1 2 3 |  3.5
Short Blades   | 1 2 3 |  3.2
Long Blades    | 1 2 3 |  3.2
Axes           | 1 2 3 |  3.2
Maces & Flails | 1 2 3 |  3.2
Staves         | 1 2 3 |  3.2
Slings         | 1 2 3 |  3.2
Bows           | 1 2 3 |  3.2
Crossbows      | 1 2 3 |  3.2
Stealth        | 1 2 3 |  3.2
Shields        | 1 2 3 |  3.2
Unarmed Combat | 1 2 3 |  3.2
Evocations     | 1 2 3 |  3.2
Conjurations   | 1 2 |  2.6
Hexes          | 1 2 |  2.6
Summonings     | 1 2 |  2.6
Necromancy     | 1 2 |  2.6
Transmutations | 1 2 |  2.6
Fire Magic     | 1 2 |  2.6
Ice Magic      | 1 2 |  2.6
Air Magic      | 1 2 |  2.6
Earth Magic    | 1 2 |  2.6
Poison Magic   | 1 2 |  2.6
Throwing       | 3 4 |  4.2
Armour         | 3 4 |  4.2
Fighting       | 5 |  5.6
Polearms       | 5 |  5.6
Dodging        | 5 |  5.6
Translocations | 6 |  6.1

Action                   |  1- 3 |  4- 6 |  7- 9 || total
-------------------------+-------+-------+-------++-------
Melee: Spear             |   165 |   147 |       ||   312
       Bite              |    15 |    15 |     8 ||    38
       Quarterstaff      |       |    15 |    76 ||    91
       Punch             |       |     1 |       ||     1
 Stab: Sleeping          |     1 |     1 |       ||     2
Armor: Leather armour    |     8 |       |       ||     8
       Scale mail        |    30 |    22 |    46 ||    98
       Ring mail         |       |    13 |       ||    13
Dodge: Dodged            |    69 |    52 |    41 ||   162
